 Dungeon Crawl Stone Soup version 0.30-a0-360-g447f08457e (webtiles) character file.

Game seed: 13022286762906121624

37 avis the Chiller (level 3, -2/28 HPs)
             Began as a Demigod Ice Elementalist on Nov 13, 2022.
             Killed from afar by an orc wizard (7 damage)
             ... with a puff of flame
             ... on level 3 of the Dungeon.
             The game lasted 00:07:28 (949 turns).

avis the Chiller (Demigod Ice Elementalist)          Turns: 949, Time: 00:07:28

Health: -2/28      AC:  2    Str:  9    XL:     3   Next: 8%
Magic:  0/9        EV: 12    Int: 17    God:
Gold:   99         SH:  0    Dex: 18    Spells: 6/7 levels left

rFire   . . .      SeeInvis .    a - +0 short sword
rCold   . . .      Faith    .    (no shield)
rNeg    . . .      Spirit   .    h - +0 robe
rPois   +          Reflect  .    (no helmet)
rElec   .          Harm     .    (no cloak)
rCorr   .          Rampage  .    (no gloves)
Will    .....                    (no boots)
Stlth   ++........               (no amulet)
HPRegen 0.24/turn                f - ring of poison resistance
MPRegen 0.11/turn                (no ring)

@: no status effects
A: high MP 1, forlorn, divine attributes
a: no special abilities


You were on level 3 of the Dungeon.
You visited 1 branch of the dungeon, and saw 4 of its levels.

You collected 99 gold pieces.

Inventory:

Hand Weapons
 a - a +0 short sword (weapon)
Missiles
 k - 3 poisoned darts
Armour
 h - a +0 robe (worn)
 l - a +2 ring mail of fire resistance
Jewellery
 f - a ring of poison resistance (left hand)
Scrolls
 c - 4 scrolls of teleportation {unknown}
 d - a scroll of amnesia {unknown}
 e - 6 scrolls of identify {unknown}
 i - a scroll of butterflies {unknown}
Potions
 b - a potion of magic
 g - a potion of curing {unknown}
 j - a potion of cancellation {unknown}
 m - a potion of might {unknown}
 n - a potion of flight {unknown}


   Skills:
 * Level 1.0 Fighting
 - Level 1.7 Dodging
 - Level 1.7 Stealth
 - Level 2.5 Spellcasting
 - Level 4.0 Ice Magic


You had 6 spell levels left.
You knew the following spells:

 Your Spells              Type           Power      Damage    Failure   Level
a - Freeze                Ice            60%        1d7       3%          1

Your spell library contained the following spells:

 Spells                   Type           Power      Damage    Failure   Level
 Frozen Ramparts          Ice            30%        1d5       11%         3
 Ozocubu's Armour         Ice            15%        N/A       11%         3
 Summon Ice Beast         Ice/Summ       8%         N/A       63%         4


Dungeon Overview and Level Annotations

Branches:
Dungeon (4/15)
 Temple: D:4-7


Innate Abilities, Weirdness & Mutations

You have an increased reservoir of magic. (+10% MP)
You shall have no god before yourself.
Your divine heritage dramatically boosts your attributes as you level up.


Message History

You barely miss the orc wizard.
The orc wizard hits you with a +0 dagger.
You hit the orc wizard.
The orc wizard is lightly wounded.
The orc wizard barely misses you.
You hit the orc wizard but do no damage.
The orc wizard is lightly wounded.
The orc wizard points at you and mumbles some strange words.
You resist with some effort.
You hit the orc wizard.
The orc wizard is lightly wounded.
The orc wizard closely misses you.
You closely miss the orc wizard.
The orc wizard is lightly wounded.
The orc wizard closely misses you.
Casting: Freeze (safe; 3% risk of failure)
Confirm with . or Enter, or press ? or * to list all spells.
Aiming: Freeze (safe; 3% risk of failure)
Press: ? - help, Shift-Dir - straight line, f - orc wizard
Aim: an orc wizard, wielding a +0 dagger and wearing a +0 robe (lightly wounded)
You freeze the orc wizard.
The orc wizard is heavily wounded.
The orc wizard hits you with a +0 dagger.
You closely miss the orc wizard.
The orc wizard is heavily wounded.
The orc wizard points at you and mumbles some strange words.
The magic dart hits you.
* * * LOW HITPOINT WARNING * * *
You hit the orc wizard. Your punch misses the orc wizard.
The orc wizard is severely wounded.
The orc wizard closely misses you.
You hit the orc wizard.
The orc wizard is almost dead.
The orc wizard points at you and mumbles some strange words.
The puff of flame misses you.
You closely miss the orc wizard.
The orc wizard is almost dead.
The orc wizard points at you and mumbles some strange words.
The puff of flame hits you!
You die... ## roo

.... ....ยง
......######
.......g...# #
......####o#
### .# .....
#@####.####.###
#.##
#.............#
#
######.##.###.#
#.##.###.#
#.##.##..#
#.##.#.#.#
#.##..###.#
#.##.## #r.
####.###.## ###


You could see an orc wizard.

Vanquished Creatures
  A worm (D:3)
  2 dart slugs (D:1)
  An orc (D:3)
  5 ball pythons
  A bat (D:1)
  3 endoplasms
  2 goblins
  4 hobgoblins
  4 frilled lizards (D:1)
  3 kobolds
  2 rats (D:1)
28 creatures vanquished.

Notes
Turn   | Place    | Note
-------+----------+-------------------------------------------
     0 | D:1      | avis the Demigod Ice Elementalist began the quest for the
                  | Orb.
     0 | D:1      | Reached XP level 1. HP: 14/14 MP: 5/5
   128 | D:1      | Reached skill level 4 in Ice Magic
   144 | D:1      | Reached XP level 2. HP: 17/20 MP: 0/7
   396 | D:1      | Reached skill level 1 in Fighting
   876 | D:2      | You fall into a shaft and drop 2 floors!
   908 | D:3      | Reached XP level 3. HP: 18/28 MP: 0/9
   949 | D:3      | Killed from afar by an orc wizard

Illustrated notes

Levels and vault maps discovered:
D:1:      dpeg_arrival_rooms_b, layout_rooms, shapermc_ecumenical_altar_pompeii
D:2:      wad_pebble_path, layout_basic
D:3:      layout_loops_ring, marbit_many_paths, cheibrodos_sewer_entry_sluice
D:4:      layout_rooms, serial_forest, infiniplex_forest_end_2,
          infiniplex_forest_straight_2, infiniplex_forest_zigzag_1,
          infiniplex_forest_clump_small, infiniplex_forest_lined_3,
          infiniplex_forest_straight_3, infiniplex_forest_end_3,
          uniq_crazy_yiuf_cottage

Skill      XL: |  1  2 |
---------------+-------+-----
Ice Magic      | 4 |  4.0
Spellcasting   | 2 |  2.5
Fighting       | 1 |  1.0
Dodging        | |  1.7
Stealth        | |  1.7

Action                   || total
-------------------------++-------
Melee: Unarmed           ||     8
       Short sword       ||    23
 Cast: Freeze            ||    45
 Stab: Sleeping          ||     2
Armor: Robe              ||     6
Dodge: Dodged            ||    38

Table legend: (Time is in decaauts)
 A = Elapsed time spent in this place.
 B = Non-inter-level travel time spent in this place.
 C = Inter-level travel time spent in this place.
 D = Time resting spent in this place.
 E = Time spent auto-exploring this place.
 F = Levels seen in this place.
 G = Mean time per level.
                   A        B        C        D        E       F      G
               +--------+--------+--------+--------+--------+-----+--------+
         Total |    949 |    894 |     55 |    230 |    308 |   4 |  237.2 |
       Dungeon |    949 |    894 |     55 |    230 |    308 |   4 |  237.2 |
               +--------+--------+--------+--------+--------+-----+--------+

Top non-repeatable levels by time:
     D:1: 727 daAuts
     D:2: 149 daAuts
     D:3: 65 daAuts
     D:4: 6 daAuts
